[Event "Titled Tuesday Blitz March 21 Late 2023"]
[White "Bhavikatti, Neil"]
[Black "Olsson, William"]
[WhiteFideId "30935024"]
[BlackFideId "1741721"]
[WhiteElo "2349"]
[BlackElo "2197"]
[Result "1-0"]
[Round "09"]
[TimeControl "180+2"]
[Date "2023.03.21"]
[WhiteClock "0:02:08"]
[BlackClock "0:01:43"]

1. d4 d5 2. c4 e6 3. Nc3 c6 4. cxd5 exd5 5. Qc2 Nf6 6. Bg5 Be7 7. e3 Bg4 8. Bd3 Nbd7 9. Nge2 Bh5 10. Nf4 Bg6 11. Nxg6 hxg6 12. h3 Rh5 13. Bf4 g5 14. Bg3 g4 15. O-O-O gxh3 16. Rxh3 Rxh3 17. gxh3 Nf8 18. e4 dxe4 19. Bxe4 Nxe4 20. Qxe4 Qd7 21. d5 cxd5 22. Nxd5 Rc8+ 23. Kb1 Ne6 24. Nf6+ Bxf6 25. Rxd7 Kxd7 26. Qxb7+ Nc7 27. Qxa7 Bd8 28. Qd4+ Ke8 29. Qxg7 Ne6 30. Qg8+ 1-0


[Site "https://www.chess.com"]

[Event "Titled Tuesday Blitz March 21 Late 2023"]
[White "Bogaudinov, Rushan"]
[Black "Kubatko, Ivan"]
[WhiteFideId "4129288"]
[BlackFideId "24111473"]
[WhiteElo "1949"]
[BlackElo "2285"]
[Result "0-1"]
[Round "09"]
[TimeControl "180+2"]
[Date "2023.03.21"]
[WhiteClock "0:00:13"]
[BlackClock "0:00:10"]

1. e4 d5 2. exd5 Qxd5 3. Nc3 Qa5 4. d4 Nf6 5. Nf3 Bg4 6. h3 Bh5 7. g4 Bg6 8. Bg2 Nc6 9. Bd2 O-O-O 10. Ne2 Qa6 11. O-O e6 12. c3 h5 13. g5 Bd3 14. Re1 Ne4 15. Nf4 Nxd2 16. Qxd2 Bf5 17. Nh4 g6 18. Nxf5 gxf5 19. Qe2 Qxe2 20. Rxe2 Bd6 21. Nd3 Ne7 22. f4 Ng6 23. Rf1 c6 24. b4 Kc7 25. a4 b6 26. Rff2 Rhg8 27. Kf1 Rde8 28. Ke1 Rgf8 29. Ne5 Bxe5 30. dxe5 Rd8 31. Rd2 Rxd2 32. Kxd2 Rd8+ 33. Kc2 h4 34. Bf1 Ne7 35. Bc4 Ng6 36. Be2 Rd7 37. Bh5 Rd8 38. Bxg6 fxg6 39. Rf1 Rd5 40. Rf3 Rd7 41. Rd3 Rd5 42. c4 Rd7 43. Kc3 Kc8 44. Rd4 Kc7 45. Kd3 c5 46. Rxd7+ Kxd7 47. Kc3 cxb4+ 48. Kxb4 Kc6 49. Kb3 Kc5 50. Kc3 a5 51. Kd3 Kb4 52. Kd4 Kxa4 53. c5 Kb5 54. cxb6 Kxb6 55. Kc4 Kc6 56. Kb3 Kd5 57. Ka4 Ke4 58. Kxa5 Kxf4 59. Kb5 Kxe5 60. Kc4 Kf4 61. Kd3 Kxg5 62. Ke3 e5 63. Kf3 e4+ 64. Ke3 Kf6 65. Kf4 g5+ 66. Ke3 Ke5 67. Kf2 g4 68. Kg2 Kf4 69. Kh2 g3+ 70. Kg2 Ke3 71. Kf1 f4 72. Kg2 Ke2 73. Kg1 f3 74. Kh1 f2 75. Kg2 f1=Q# 0-1


[Site "https://www.chess.com"]

[Event "Titled Tuesday Blitz March 21 Late 2023"]
[White "reevecanada"]
[Black "Stachanczyk, Jacek"]
[BlackFideId "1116657"]
[WhiteElo "2445"]
[BlackElo "2084"]
[Result "0-1"]
[Round "09"]
[TimeControl "180+2"]
[Date "2023.03.21"]
[WhiteClock "0:00:47"]
[BlackClock "0:00:45"]

1. e4 c5 2. Nf3 d6 3. d4 cxd4 4. Qxd4 Nc6 5. Bb5 Bd7 6. Bxc6 Bxc6 7. c4 f5 8. exf5 Qa5+ 9. Nc3 Qxf5 10. Be3 Nf6 11. O-O-O e5 12. Qd2 Be7 13. Nh4 Qe6 14. b3 O-O 15. f3 Rac8 16. Kb2 a6 17. g4 b5 18. cxb5 axb5 19. Rhe1 d5 20. f4 Qxg4 21. fxe5 Qxh4 22. exf6 Bxf6 23. Rg1 b4 24. Bd4 bxc3+ 25. Qxc3 Bxd4 26. Qxd4 Rf2+ 27. Ka3 Ra8+ 28. Kb4 Qxd4+ 29. Rxd4 Rfxa2 30. Kc5 Rc8 31. Kd6 Rxh2 32. Rdg4 g6 33. Rc1 Rb2 34. b4 Bd7 35. Rxc8+ Bxc8 36. Rd4 Bf5 37. Kxd5 Kg7 38. Ke5 h5 39. Kf4 Kf6 40. Rd6+ Be6 41. Rb6 g5+ 42. Ke4 h4 43. Rb8 h3 44. b5 h2 45. Rh8 Rd2 46. Ke3 Rg2 47. b6 Bd5 48. Rh6+ Kg7 49. Rh5 Kg6 50. Rh8 Rb2 51. Kd4 h1=Q 52. Rxh1 Bxh1 0-1


[Site "https://www.chess.com"]

[Event "Titled Tuesday Blitz March 21 Late 2023"]
[White "MunichMouse"]
[Black "Gonzalez, Francisco Silva"]
[BlackFideId "1512285"]
[WhiteElo "2314"]
[BlackElo "2074"]
[Result "0-1"]
[Round "09"]
[TimeControl "180+2"]
[Date "2023.03.21"]
[WhiteClock "0:01:31"]
[BlackClock "0:02:29"]

1. d4 Nf6 2. c4 e6 3. Nf3 d5 4. g3 dxc4 5. Bg2 Nc6 6. O-O Rb8 7. a4 b6 8. Na3 Bxa3 9. Rxa3 O-O 10. Bg5 h6 11. Bxf6 Qxf6 12. e4 Rd8 13. e5 Qe7 14. Qd2 Bb7 15. Qc3 Na5 16. Rd1 c5 17. Raa1 cxd4 18. Rxd4 Bxf3 19. Rxd8+ Rxd8 20. Qxf3 Qb4 21. Qc3 Qc5 22. Re1 Rd3 23. Qc2 Qd4 24. Be4 Rd2 25. Qc1 Qxf2+ 0-1


[Site "https://www.chess.com"]

[Event "Titled Tuesday Blitz March 21 Late 2023"]
[White "sebastianmarinp"]
[Black "Baches Garcia, Guillermo"]
[BlackFideId "2209764"]
[WhiteElo "2310"]
[BlackElo "2440"]
[Result "0-1"]
[Round "09"]
[TimeControl "180+2"]
[Date "2023.03.21"]
[WhiteClock "0:00:06"]
[BlackClock "0:01:04"]

1. e4 d5 2. exd5 Qxd5 3. Nc3 Qa5 4. d4 c6 5. Nf3 Nf6 6. Bc4 Bf5 7. Bd2 e6 8. Qe2 Bb4 9. O-O-O Nbd7 10. a3 Bxc3 11. Bxc3 Qc7 12. h3 O-O 13. g4 Bg6 14. Kb1 b5 15. Bd3 a5 16. Bd2 b4 17. a4 b3 18. cxb3 Rfb8 19. Bxg6 hxg6 20. Qc4 Nb6 21. Qd3 Nbd5 22. g5 Nh5 23. Ne5 Rb6 24. Rc1 Qb7 25. Ka2 Rb8 26. Bxa5 Rxb3 27. Qc4 0-1


[Site "https://www.chess.com"]

[Event "Titled Tuesday Blitz March 21 Late 2023"]
[White "Vifleemskaia, Svetlana"]
[Black "Cyfka, Karina"]
[WhiteFideId "4129490"]
[BlackFideId "1122681"]
[WhiteElo "1930"]
[BlackElo "2241"]
[Result "0-1"]
[Round "09"]
[TimeControl "180+2"]
[Date "2023.03.21"]
[WhiteClock "0:01:55"]
[BlackClock "0:02:12"]

1. d4 Nf6 2. c4 d6 3. Nc3 Nbd7 4. e4 e5 5. d5 Nc5 6. g3 Ncxe4 7. Nxe4 Nxe4 8. Bg2 Nf6 9. f4 e4 10. Qd4 Bf5 11. h3 h5 12. Ne2 g6 13. g4 hxg4 14. hxg4 Rxh1+ 15. Bxh1 Nxg4 16. Bxe4 Qh4+ 17. Kd2 Bxe4 18. Qxe4+ Kd7 19. Kc3 Re8 20. Qf3 Qe1+ 21. Kb3 Qxe2 0-1


[Site "https://www.chess.com"]

[Event "Titled Tuesday Blitz March 21 Late 2023"]
[White "Roman, Rodrigo"]
[Black "Forgacs, Attila Jr."]
[WhiteFideId "3701220"]
[BlackFideId "773654"]
[WhiteElo "1995"]
[BlackElo "2168"]
[Result "0-1"]
[Round "09"]
[TimeControl "180+2"]
[Date "2023.03.21"]
[WhiteClock "0:00:26"]
[BlackClock "0:00:45"]

1. e4 a6 2. d4 b5 3. c4 bxc4 4. Bxc4 e6 5. Nc3 Bb7 6. Nf3 Nf6 7. Qe2 Be7 8. O-O d5 9. exd5 Nxd5 10. Rd1 O-O 11. Ne5 Bf6 12. Rd3 Nb4 13. Rh3 Qxd4 14. Qh5 Be4 15. Bf4 Bf5 16. Nxf7 Bxh3 17. Nh6+ gxh6 18. Bxh6 Qxc4 0-1


[Site "https://www.chess.com"]

[Event "Titled Tuesday Blitz March 21 Late 2023"]
[White "marik_spb"]
[Black "Rose, Felix"]
[BlackFideId "5105722"]
[WhiteElo "2416"]
[BlackElo "2039"]
[Result "1-0"]
[Round "09"]
[TimeControl "180+2"]
[Date "2023.03.21"]
[WhiteClock "0:01:17"]
[BlackClock "0:00:26"]

1. d4 Nf6 2. c4 e6 3. Nf3 d5 4. g3 dxc4 5. Bg2 a6 6. O-O Nc6 7. Nbd2 Nxd4 8. Nxc4 Nxf3+ 9. Bxf3 Qxd1 10. Rxd1 Be7 11. Bf4 Bd8 12. Na5 c6 13. Nxc6 Bd7 14. Ne5 Bc8 15. Rxd8+ Kxd8 16. Nxf7+ Ke7 17. Nxh8 Bd7 18. Bxb7 Rxh8 19. Bxa6 Bc6 20. Rc1 Kd7 21. Bc4 Bd5 22. Bxd5 Nxd5 23. Be5 Ra8 24. a3 g6 25. e4 Ne7 26. Rc7+ Kd8 27. Rb7 Ra4 28. Bf6 Rxe4 29. Rxe7 1-0


[Site "https://www.chess.com"]

[Event "Titled Tuesday Blitz March 21 Late 2023"]
[White "Jimenez Fernandez, Rebeca"]
[Black "Rottenwohrer Suarez, Juan"]
[WhiteFideId "32070934"]
[BlackFideId "32068182"]
[WhiteElo "2008"]
[BlackElo "2174"]
[Result "0-1"]
[Round "09"]
[TimeControl "180+2"]
[Date "2023.03.21"]
[WhiteClock "0:00:04"]
[BlackClock "0:00:06"]

1. e4 c5 2. Nc3 g6 3. g3 Bg7 4. Bg2 Nc6 5. d3 Nf6 6. Be3 d6 7. h3 O-O 8. Qd2 Rb8 9. Bh6 Nd7 10. Bxg7 Kxg7 11. f4 b5 12. Nf3 b4 13. Ne2 a5 14. O-O Ba6 15. g4 Qb6 16. Kh1 Nd4 17. Ng3 a4 18. f5 Nxf3 19. Bxf3 c4 20. g5 cxd3 21. cxd3 Qd4 22. Bg4 Ne5 23. f6+ Kh8 24. fxe7 Rfe8 25. Qf4 Qxd3 26. Qf6+ Kg8 27. Be6 Bc4 28. Bxc4 Qxc4 29. Nh5 gxh5 30. Rf4 Qe6 31. Qf5 Qxf5 32. exf5 Rxe7 33. Rd1 Rd7 34. Rfd4 Nf3 35. Rxd6 Rxd6 36. Rxd6 Nxg5 37. Ra6 Nxh3 38. Rxa4 Kg7 39. Kh2 Ng5 40. Kg3 Kf6 41. Ra5 Rd8 42. Rb5 Rd3+ 43. Kf4 Rd4+ 44. Ke3 Re4+ 45. Kd3 Rf4 46. Kc2 h4 47. Kb3 h3 48. Rb6+ Kxf5 49. Rh6 Kg4 50. a4 bxa3 51. bxa3 Nf3 52. a4 Nh4 53. Rc6 h2 54. Rc1 Kg3 55. a5 Rf6 56. Kb4 Nf3 57. Rh1 Kg2 58. Rxh2+ Nxh2 59. Kb5 Rf5+ 0-1


[Site "https://www.chess.com"]

[Event "Titled Tuesday Blitz March 21 Late 2023"]
[White "Tymrakiewicz, Rafal"]
[Black "Bullen, Alex"]
[WhiteFideId "1108832"]
[BlackFideId "1801627"]
[WhiteElo "2151"]
[BlackElo "2088"]
[Result "1-0"]
[Round "09"]
[TimeControl "180+2"]
[Date "2023.03.21"]
[WhiteClock "0:00:11"]
[BlackClock "0:00:01"]

1. e4 c6 2. d4 d5 3. e5 g6 4. f4 h5 5. Nf3 Bg4 6. Nbd2 e6 7. h3 Bxf3 8. Nxf3 Be7 9. g3 Nh6 10. Bg2 Nf5 11. Kf2 c5 12. c3 Nc6 13. Be3 Nxe3 14. Kxe3 Qb6 15. Qb3 cxd4+ 16. Nxd4 Bc5 17. Qxb6 Bxb6 18. a3 Kd7 19. Kd3 Nxd4 20. cxd4 Rac8 21. Rac1 Rxc1 22. Rxc1 Rc8 23. Rxc8 Kxc8 24. g4 hxg4 25. hxg4 Kd7 26. f5 gxf5 27. gxf5 Ke7 28. Bf3 Kd7 29. f6 Ke8 30. Bh5 Kf8 31. Bd1 Ke8 32. Ba4+ Kf8 33. Bd7 a6 34. Bc8 a5 35. Bxb7 Ke8 36. Bc6+ Kd8 37. Ba4 Ba7 38. Bd1 Bb6 39. Kc3 Ba7 40. Ba4 Bb6 41. Bb5 Ba7 42. Be2 Bb6 43. Bh5 Ke8 44. Kd3 Ba7 45. Ke3 Bb6 46. Bd1 Kd8 47. Ba4 Ba7 48. Bc6 Bb6 49. Kd3 Ba7 50. Kc3 Bb6 51. Kd3 Ba7 52. b4 axb4 53. a4 Bb6 54. Bb5 Ba7 55. a5 b3 56. Ba4 b2 57. Bc2 Kc7 58. Kc3 Kd8 59. a6 Bb6 60. Kxb2 Bxd4+ 61. Kb3 Ba7 62. Kb4 1-0


[Site "https://www.chess.com"]

[Event "Titled Tuesday Blitz March 21 Late 2023"]
[White "Castellanos Gomez, Alejandro"]
[Black "Hartikainen, Jarmo"]
[WhiteFideId "22284141"]
[BlackFideId "503134"]
[WhiteElo "2158"]
[BlackElo "2193"]
[Result "1-0"]
[Round "09"]
[TimeControl "180+2"]
[Date "2023.03.21"]
[WhiteClock "0:01:24"]
[BlackClock "0:00:01"]

1. d4 Nf6 2. Bf4 d5 3. e3 Bf5 4. Nd2 e6 5. Ngf3 Bd6 6. Bg3 Ne4 7. Nxe4 Bxe4 8. Bd3 Bxd3 9. Qxd3 c6 10. O-O Bxg3 11. hxg3 Nd7 12. g4 Qc7 13. b4 h5 14. g5 h4 15. c4 h3 16. g3 Rh5 17. Kh2 Kf8 18. Rac1 Re8 19. e4 dxe4 20. Qxe4 Qd8 21. Qf4 Kg8 22. b5 Nf8 23. bxc6 bxc6 24. Rb1 Ng6 25. Qg4 Rh7 26. Rb7 e5 27. Qf5 Rf8 28. dxe5 Qe8 29. Rd1 Qe6 30. Qe4 Rh5 31. Rd6 Qe8 32. Qxc6 1-0


[Site "https://www.chess.com"]

[Event "Titled Tuesday Blitz March 21 Late 2023"]
[White "Rios Escobar, Adan"]
[Black "Manu_ChessExcelsior"]
[WhiteFideId "3403645"]
[WhiteElo "2404"]
[BlackElo "2073"]
[Result "1-0"]
[Round "09"]
[TimeControl "180+2"]
[Date "2023.03.21"]
[WhiteClock "0:00:23"]
[BlackClock "0:00:03"]

1. d4 d5 2. g3 Nf6 3. Nf3 e6 4. Bg2 Be7 5. O-O O-O 6. c4 dxc4 7. Qc2 a6 8. a4 Bd7 9. Rd1 Bc6 10. Nc3 Nbd7 11. e4 Re8 12. d5 exd5 13. exd5 Nxd5 14. Nxd5 Bd6 15. Ng5 g6 16. h4 Ne5 17. Be3 b5 18. axb5 axb5 19. Rxa8 Bxa8 20. Ne4 Be7 21. Nxe7+ Qxe7 22. Bg5 Bxe4 23. Qxe4 f6 24. Bf4 Qb4 25. Rd7 Nxd7 26. Qxe8+ Nf8 27. Bd5+ Kh8 28. Qf7 Qe1+ 29. Kg2 1-0


[Site "https://www.chess.com"]

[Event "Titled Tuesday Blitz March 21 Late 2023"]
[White "dorpato"]
[Black "Guzman Moneo, Alberto"]
[BlackFideId "2209616"]
[WhiteElo "2035"]
[BlackElo "2157"]
[Result "0-1"]
[Round "09"]
[TimeControl "180+2"]
[Date "2023.03.21"]
[WhiteClock "0:00:17"]
[BlackClock "0:01:38"]

1. d4 Nf6 2. c4 c5 3. d5 b5 4. cxb5 a6 5. bxa6 g6 6. Nc3 Bxa6 7. e4 Bxf1 8. Kxf1 d6 9. Nf3 Qc8 10. Qe2 Bg7 11. h3 O-O 12. g3 Qa6 13. Qxa6 Nxa6 14. Kg2 Rfb8 15. Re1 Nd7 16. Nd2 Nb4 17. Rd1 Ne5 18. a4 Nc2 19. Ra2 Nd3 20. Nc4 Ndb4 21. Ra3 Nxa3 22. bxa3 Bxc3 23. axb4 Rxb4 24. Ne3 Rxe4 25. Rd3 Bd4 26. Nc2 Rxa4 27. f3 Re2+ 0-1


[Site "https://www.chess.com"]

[Event "Titled Tuesday Blitz March 21 Late 2023"]
[White "Ladan, Nicholas"]
[Black "Gallegos Diaz, Carlos Alberto"]
[WhiteFideId "30918855"]
[BlackFideId "3900886"]
[WhiteElo "2167"]
[BlackElo "2362"]
[Result "1-0"]
[Round "09"]
[TimeControl "180+2"]
[Date "2023.03.21"]
[WhiteClock "0:01:07"]
[BlackClock "0:00:12"]

1. e3 d6 2. c4 Nf6 3. Nc3 e5 4. b3 Be7 5. Bb2 O-O 6. g3 Re8 7. Bg2 c6 8. Nge2 d5 9. O-O d4 10. Ne4 c5 11. Qb1 Nc6 12. h3 Nxe4 13. Bxe4 Bxh3 14. Bxh7+ Kh8 15. Re1 Qd7 16. Be4 Qg4 17. f3 Qh5 18. Kf2 f5 19. Bxc6 bxc6 20. Rh1 Bd6 21. Ng1 Kg8 22. Rxh3 Qg5 23. f4 Qg4 24. Rh4 Qg6 25. Nf3 dxe3+ 26. dxe3 exf4 27. gxf4 Rxe3 28. Kxe3 Qg3 29. Qe1 Re8+ 30. Be5 1-0


[Site "https://www.chess.com"]

[Event "Titled Tuesday Blitz March 21 Late 2023"]
[White "Carbone, Diego"]
[Black "chessjazda"]
[WhiteFideId "3002179"]
[WhiteElo "2266"]
[BlackElo "2357"]
[Result "1-0"]
[Round "09"]
[TimeControl "180+2"]
[Date "2023.03.21"]
[WhiteClock "0:00:05"]
[BlackClock "0:00:08"]

1. d4 c6 2. Nf3 d5 3. c4 Nf6 4. e3 Bf5 5. Nc3 e6 6. Nh4 Bg6 7. Be2 Nbd7 8. O-O Bd6 9. g3 O-O 10. Nxg6 hxg6 11. Qb3 Qb6 12. Rd1 Qxb3 13. axb3 a6 14. f3 Rad8 15. Kg2 Rfe8 16. Bd2 Bb8 17. Be1 Bc7 18. Bf2 Bd6 19. Rac1 Bb4 20. h4 Rc8 21. g4 Bd6 22. Rh1 e5 23. cxd5 exd4 24. dxc6 Rxc6 25. exd4 Rxc3 26. bxc3 Rxe2 27. Rhe1 Rb2 28. Rb1 Rc2 29. Rec1 Rxc1 30. Rxc1 Bf4 31. Rd1 Nd5 32. Rd3 N7f6 33. g5 Nd7 34. Bg3 Kf8 35. c4 Bxg3 36. Kxg3 Nb4 37. Rd2 Ke7 38. Kg4 Kd6 39. f4 b5 40. Rd1 bxc4 41. bxc4 Nc2 42. Kf3 a5 43. Ke4 a4 44. Rc1 Nb4 45. Ra1 Nb6 46. c5+ Kc6 47. cxb6 Kxb6 48. Rxa4 Nc6 49. Ra1 Ne7 50. Rb1+ Kc6 51. Rc1+ Kd6 52. Ra1 Nf5 53. Ra6+ Ke7 54. Ra7+ Ke6 55. d5+ Kd6 56. Rxf7 Nxh4 57. Rxg7 Kc5 58. Ke5 Nf3+ 59. Ke6 Nd4+ 60. Ke7 Kxd5 61. Rxg6 Ke4 62. Kf6 Nf3 63. Rg8 Kxf4 64. g6 Nh4 65. g7 Nf5 66. Rf8 Kg4 67. g8=Q+ Kh5 68. Kxf5 Kh4 69. Qg4# 1-0


[Site "https://www.chess.com"]

[Event "Titled Tuesday Blitz March 21 Late 2023"]
[White "Kaplan, Avi Harrison"]
[Black "Romero Ruscalleda, Josep"]
[WhiteFideId "30934559"]
[BlackFideId "2231859"]
[WhiteElo "1983"]
[BlackElo "2183"]
[Result "1-0"]
[Round "09"]
[TimeControl "180+2"]
[Date "2023.03.21"]
[WhiteClock "0:00:10"]
[BlackClock "0:00:02"]

1. e4 g6 2. c4 Bg7 3. d4 d6 4. h4 h5 5. a4 Nc6 6. d5 Nd4 7. Nc3 c5 8. Nge2 e5 9. Nxd4 exd4 10. Ne2 Nf6 11. Bg5 Qa5+ 12. Bd2 Qc7 13. Qc2 O-O 14. f3 Nd7 15. Nc1 Rb8 16. Be2 a6 17. g4 hxg4 18. fxg4 Ne5 19. Rg1 Qd8 20. Bg5 f6 21. Bf4 Qe7 22. Nd3 Re8 23. Nxe5 dxe5 24. Bd2 f5 25. Bg5 Qf7 26. gxf5 gxf5 27. Bh6 Kh8 28. Bxg7+ Kh7 29. h5 f4 30. O-O-O f3 31. Rdf1 Qf4+ 32. Kb1 Bg4 33. Qd3 Re7 34. Bxf3 Bxf3 35. Rxf3 Qh4 36. Bf6 Qh2 37. Rfg3 Rf7 38. Rg7+ Rxg7 39. Rxg7+ Kh6 40. Qg3 Qh1+ 41. Ka2 1-0


[Site "https://www.chess.com"]

[Event "Titled Tuesday Blitz March 21 Late 2023"]
[White "Gatterer, Florian"]
[Black "Visakh N R"]
[WhiteFideId "811688"]
[BlackFideId "25012223"]
[WhiteElo "2221"]
[BlackElo "2466"]
[Result "1-0"]
[Round "09"]
[TimeControl "180+2"]
[Date "2023.03.21"]
[WhiteClock "0:00:07"]
[BlackClock "0:00:48"]

1. e4 c5 2. Nf3 Nc6 3. Bb5 g6 4. O-O Bg7 5. Re1 e6 6. c3 Nge7 7. d4 cxd4 8. cxd4 a6 9. Bf1 d5 10. e5 O-O 11. Nc3 Bd7 12. Bg5 h6 13. Bf4 Rc8 14. Qd2 g5 15. Nxg5 hxg5 16. Bxg5 Qa5 17. Bd3 Ng6 18. h4 Nxd4 19. Bxg6 Nf3+ 20. gxf3 fxg6 21. f4 Bc6 22. Qd4 Rf7 23. Re3 Be8 24. Rc1 Rc4 25. Qd3 Rfc7 26. b3 R4c6 27. Ree1 Rxc3 28. Rxc3 Rxc3 29. Qe2 Bb5 30. Qg4 Rg3+ 31. Qxg3 Qxe1+ 32. Kh2 Bd3 33. Qxd3 Qxf2+ 34. Kh3 Kf7 35. Qc3 Qf1+ 36. Kh2 Qe2+ 37. Kh3 Bf8 38. Qc7+ Kg8 39. Qd7 Qf3+ 40. Kh2 Qg4 41. Qe8 Qf5 42. Kg3 d4 43. Qd8 d3 44. Bh6 d2 45. Bxf8 Qxf8 46. Qxd2 Qf5 47. Qd7 b5 48. Qd8+ Kg7 49. Qe7+ Kg8 50. Qe8+ Kg7 51. Qe7+ Kh8 52. Qe8+ Kh7 53. Qe7+ Kg8 54. Qe8+ Qf8 55. Qxf8+ Kxf8 56. Kg4 Kf7 57. Kg5 Kg7 58. h5 gxh5 59. Kxh5 b4 60. Kg5 a5 61. f5 exf5 62. Kxf5 Kf7 63. e6+ Ke7 64. Ke5 Ke8 65. Kd6 Kd8 66. Kc5 Ke7 67. Kb5 1-0


[Site "https://www.chess.com"]

[Event "Titled Tuesday Blitz March 21 Late 2023"]
[White "Bjelobrk, Igor"]
[Black "Thiel, Thomas"]
[WhiteFideId "4300726"]
[BlackFideId "4615964"]
[WhiteElo "2335"]
[BlackElo "2264"]
[Result "1-0"]
[Round "09"]
[TimeControl "180+2"]
[Date "2023.03.21"]
[WhiteClock "0:00:38"]
[BlackClock "0:00:03"]

1. d4 Nf6 2. c4 g6 3. Nc3 d5 4. Nf3 Bg7 5. h4 h5 6. Bg5 c6 7. e3 Bf5 8. Qb3 O-O 9. Qxb7 Qb6 10. Qxb6 axb6 11. Bxf6 Bxf6 12. cxd5 c5 13. dxc5 bxc5 14. Be2 Nd7 15. O-O Rfb8 16. Bb5 Bxc3 17. Bxd7 Bxb2 18. Bc6 Bxa1 19. Bxa8 Bc3 20. Bc6 Rb2 21. a4 Ra2 22. Rc1 Bb4 23. Ne5 Ba3 24. Rd1 Bb2 25. Nc4 Bc3 26. d6 exd6 27. Nxd6 Bc2 28. Bd5 Bxd1 29. Bxa2 Bxa4 30. Nxf7 Kg7 31. Nd6 Bb4 32. e4 Bc2 33. f3 Bc3 34. Kf2 Be5 35. Nc4 Bd4+ 36. Ke2 Bf6 37. g3 g5 38. Ne3 Ba4 39. hxg5 Bb5+ 40. Kf2 Bxg5 41. f4 1-0


[Site "https://www.chess.com"]

[Event "Titled Tuesday Blitz March 21 Late 2023"]
[White "Fajdetic, Hrvoje"]
[Black "Szyszylo, Rafal"]
[WhiteFideId "14501945"]
[BlackFideId "1109626"]
[WhiteElo "2185"]
[BlackElo "1951"]
[Result "1-0"]
[Round "09"]
[TimeControl "180+2"]
[Date "2023.03.21"]
[WhiteClock "0:01:12"]
[BlackClock "0:01:21"]

1. d4 g6 2. Nc3 Nf6 3. e4 d6 4. Be3 c6 5. f3 b5 6. Qd2 a5 7. O-O-O b4 8. Nce2 Qb6 9. Kb1 Ba6 10. g4 Nbd7 11. h4 h5 12. g5 Nh7 13. Bh3 e6 14. Nf4 Bg7 15. d5 Nc5 16. dxe6 O-O-O 17. e7+ Rd7 18. Qxd6 Ne6 19. Bxe6 Qxe3 20. Bxd7+ Kb7 21. Bxc6+ Ka7 22. Qc7+ Bb7 23. Qxb7# 1-0


[Site "https://www.chess.com"]

[Event "Titled Tuesday Blitz March 21 Late 2023"]
[White "Khatena, Moshe"]
[Black "Kostiukov, Alexandr"]
[WhiteFideId "2010461"]
[BlackFideId "14108100"]
[WhiteElo "2220"]
[BlackElo "2202"]
[Result "1-0"]
[Round "09"]
[TimeControl "180+2"]
[Date "2023.03.21"]
[WhiteClock "0:00:49"]
[BlackClock "0:00:10"]

1. e4 c5 2. b3 g6 3. Bb2 Nf6 4. e5 Nd5 5. g3 Bg7 6. Bg2 e6 7. f4 O-O 8. Nf3 d6 9. Nc3 Nc6 10. Ne4 dxe5 11. fxe5 b6 12. O-O Qc7 13. c4 Ndb4 14. Nf6+ Kh8 15. Qe2 Nc2 16. Qe4 Nxa1 17. Qh4 h6 18. Ng4 Qd8 19. Qh3 h5 20. Nf6 Bxf6 21. exf6 e5 22. Qh4 Nc2 23. Qg5 Kh7 24. d4 exd4 25. Re1 Ne3 26. Rxe3 dxe3 27. Qxe3 Qd1+ 28. Bf1 Bh3 29. Ng5+ Kg8 30. Nxh3 Rad8 31. Qh6 1-0


[Site "https://www.chess.com"]

[Event "Titled Tuesday Blitz March 21 Late 2023"]
[White "Sabar, Ethmane Daouda"]
[Black "Smith, Garrett L"]
[WhiteFideId "19600097"]
[BlackFideId "2024829"]
[WhiteElo "1950"]
[BlackElo "2299"]
[Result "1-0"]
[Round "09"]
[TimeControl "180+2"]
[Date "2023.03.21"]
[WhiteClock "0:01:35"]
[BlackClock "0:00:50"]

1. b3 g6 2. Bb2 Nf6 3. Bxf6 exf6 4. c4 Bg7 5. Nc3 f5 6. g3 d6 7. Bg2 Nc6 8. e3 O-O 9. Nge2 Be6 10. O-O Qc8 11. d4 Ne7 12. d5 Bd7 13. Rb1 Re8 14. b4 Kh8 15. c5 Ng8 16. Qc2 a5 17. c6 bxc6 18. dxc6 Be6 19. b5 Ne7 20. Nf4 Rd8 21. Nfd5 Nxd5 22. Nxd5 Bxd5 23. Bxd5 Rf8 24. Qc4 Qe8 25. b6 cxb6 26. Rxb6 Qe7 27. c7 Rac8 28. Rc1 g5 29. Bb7 1-0


[Site "https://www.chess.com"]

[Event "Titled Tuesday Blitz March 21 Late 2023"]
[White "Ruiz Aguilar, Pablo Alexander"]
[Black "Kovacevic, Radmila"]
[WhiteFideId "4401352"]
[BlackFideId "933171"]
[WhiteElo "2138"]
[BlackElo "2194"]
[Result "1-0"]
[Round "09"]
[TimeControl "180+2"]
[Date "2023.03.21"]
[WhiteClock "0:01:00"]
[BlackClock "0:00:14"]

1. e4 e5 2. Nf3 f5 3. Nxe5 Qf6 4. d4 d6 5. Nc4 fxe4 6. Ne3 Qg6 7. Be2 Nf6 8. O-O Be7 9. Nc3 O-O 10. Ncd5 Bd8 11. Nf4 Qe8 12. Bc4+ Kh8 13. d5 Qe5 14. Ne6 Bxe6 15. dxe6 c6 16. Ng4 Qf5 17. Nxf6 Bxf6 18. Qxd6 Be5 19. Qe7 b5 20. Bb3 Na6 21. Be3 Bxb2 22. Rad1 Rae8 23. Qb7 Nb4 24. e7 Rf6 25. Rd8 Qg6 26. Qd7 1-0


[Site "https://www.chess.com"]

[Event "Titled Tuesday Blitz March 21 Late 2023"]
[White "Elaisaz"]
[Black "Albuquerque Junior,Wellington S."]
[BlackFideId "2151480"]
[WhiteElo "2216"]
[BlackElo "2109"]
[Result "0-1"]
[Round "09"]
[TimeControl "180+2"]
[Date "2023.03.21"]
[WhiteClock "0:01:27"]
[BlackClock "0:01:27"]

1. d4 Nf6 2. Nf3 c5 3. c3 g6 4. dxc5 Bg7 5. Nbd2 a5 6. a4 O-O 7. g3 Na6 8. Nb3 Qc7 9. Be3 Ng4 10. Bd4 e5 11. h3 exd4 12. hxg4 dxc3 13. Nfd4 cxb2 14. Rb1 Nxc5 15. Bg2 Nxb3 16. Nxb3 Qc3+ 17. Kf1 d5 18. g5 Bf5 19. e4 dxe4 20. g4 Be6 21. Bxe4 Bxb3 22. Qe2 Bc4 0-1


[Site "https://www.chess.com"]

[Event "Titled Tuesday Blitz March 21 Late 2023"]
[White "Winkels, Marcel"]
[Black "Harish, Neeraj"]
[WhiteFideId "1003887"]
[BlackFideId "30958130"]
[WhiteElo "1900"]
[BlackElo "1963"]
[Result "1-0"]
[Round "09"]
[TimeControl "180+2"]
[Date "2023.03.21"]
[WhiteClock "0:00:21"]
[BlackClock "0:00:03"]

1. d4 d5 2. Bf4 Nf6 3. e3 c5 4. Nf3 Nc6 5. c3 Qb6 6. Qb3 c4 7. Qxb6 axb6 8. Nbd2 b5 9. Ne5 Bf5 10. Be2 e6 11. O-O Be7 12. g4 Bg6 13. Nxc6 bxc6 14. a3 O-O 15. Be5 Nd7 16. Bg3 c5 17. f4 h6 18. f5 Bh7 19. Bf3 Nf6 20. e4 dxe4 21. Nxe4 Nxe4 22. Bxe4 Rad8 23. Rad1 cxd4 24. cxd4 Bf6 25. Be5 Bxe5 26. dxe5 exf5 27. gxf5 Rfe8 28. e6 fxe6 29. Bc6 Bxf5 30. Bxe8 Rxe8 31. Rde1 Bd3 32. Rf4 e5 33. Rg4 e4 34. Kf2 Rf8+ 35. Ke3 Rf3+ 36. Kd4 Rf2 37. Reg1 g5 38. h4 Rxb2 39. hxg5 hxg5 40. Rxg5+ Kf7 41. Kc3 Rb3+ 42. Kd4 Rxa3 43. Rxb5 Ra2 44. Rh1 Rf2 45. Rh6 Rf3 46. Rb7+ Kg8 47. Rc6 Rf8 48. Rcc7 Rd8+ 49. Ke3 Kf8 50. Rf7+ Ke8 51. Rbe7# 1-0


[Site "https://www.chess.com"]

[Event "Titled Tuesday Blitz March 21 Late 2023"]
[White "Ricaurte Lopez, Juan Carlos"]
[Black "Skaric, Djuro"]
[WhiteFideId "3600327"]
[BlackFideId "934569"]
[WhiteElo "2209"]
[BlackElo "2282"]
[Result "0-1"]
[Round "09"]
[TimeControl "180+2"]
[Date "2023.03.21"]
[WhiteClock "0:00:01"]
[BlackClock "0:00:34"]

1. e4 d6 2. d4 g6 3. Nc3 Bg7 4. Be3 Nf6 5. f3 O-O 6. Qd2 Nc6 7. O-O-O e5 8. Nge2 Nh5 9. g4 Nf4 10. Nxf4 exd4 11. Bxd4 Nxd4 12. Nfd5 Nxf3 13. Qg2 Nh4 14. Qg3 c6 15. Ne3 Qg5 16. Rxd6 Bh6 17. Rd3 Be6 18. b3 Rad8 19. Nd1 Rxd3 20. Bxd3 Bxg4 21. Rg1 Bxd1 22. Qxg5 Bxg5 23. Rxg5 Bh5 24. Re5 Nf3 25. Re7 b5 26. h3 a5 27. Rc7 Ne5 28. Re7 f6 29. a4 bxa4 30. bxa4 Rf7 31. Re6 Kg7 32. Nc4 Nxc4 33. Bxc4 Rc7 34. Rd6 Bf3 35. Bd3 h5 36. Kd2 g5 37. Ke3 g4 38. h4 Bh1 39. Kf4 c5 40. e5 fxe5+ 41. Kxe5 c4 42. Rg6+ Kf7 43. Rf6+ Ke8 44. Bg6+ Kd7 0-1


[Site "https://www.chess.com"]